 Dungeon Crawl Stone Soup version 0.30.1-4-g462c640d31 (webtiles) character file.

Game seed: 8037920065816198519

121 Wiggles the Chopper (level 4, -5/41 HPs)
             Began as a Minotaur Berserker on Aug 11, 2023.
             Was a Believer of Trog.
             Killed from afar by Grinder (17 damage)
             ... with a bolt of dispelling energy
             ... on level 3 of the Dungeon.
             The game lasted 00:03:11 (1821 turns).

Wiggles the Chopper (Minotaur Berserker)            Turns: 1821, Time: 00:03:12

Health: -5/41      AC:  5    Str: 23    XL:     4   Next: 77%
Magic:  3/3        EV: 11    Int:  4    God:    Trog [**....]
Gold:   77         SH:  0    Dex: 10    Spells: 3/3 levels left

rFire   . . .        a - +0 hand axe
rCold   + . .        (no shield)
rNeg    . . .        c - +0 ring mail
rPois   .            (helmet restricted)
rElec   .            (no cloak)
rCorr   .            (no gloves)
SInv    .            (no boots)
Will    .....        (no amulet) Stlth
                     r - ring of protection from cold
HPRegen 0.26/turn    (no ring)
MPRegen 0.08/turn

%: no passive effects
@: lethally poisoned (-5 -> -9)
A: horns 2, retaliatory headbutt
a: Renounce Religion, Berserk, Trog's Hand


You were on level 3 of the Dungeon.
You worshipped Trog.
Trog was pleased with you.
You visited 1 branch of the dungeon, and saw 3 of its levels.

You collected 77 gold pieces.

Inventory:

Hand Weapons
 a - a +0 hand axe (weapon)
Missiles
 f - a throwing net (quivered)
Armour
 c - a +0 ring mail (worn)
Jewellery
 r - a ring of protection from cold (left hand)
Scrolls
 d - 4 scrolls of noise {unknown}
 e - a scroll of enchant armour {unknown}
 i - 3 scrolls of identify {unknown}
 j - 2 scrolls of amnesia {unknown}
 k - a scroll of blinking {unknown}
 m - a scroll of poison {unknown}
 n - a scroll of fog {unknown}
 p - a scroll of teleportation {unknown}
 q - 2 scrolls of fear {unknown}
 s - a scroll of acquirement {unknown}
 u - a scroll of brand weapon {unknown}
Potions
 b - 2 potions of curing {unknown}
 g - a potion of mutation {unknown}
 h - a potion of lignification {unknown}
 l - 4 potions of heal wounds {unknown}
 o - a potion of ambrosia {unknown}
 t - a potion of berserk rage {unknown}


   Skills:
 + Level 4.4 Fighting
 + Level 5.4 Axes
 + Level 3.3 Armour
 + Level 2.7 Dodging
 + Level 0.1 Stealth


You had 3 spell levels left.
You didn't know any spells.
Your spell library was empty.

Dungeon Overview and Level Annotations

Branches:
Dungeon (3/15)

Altars:
Ashenzari

Annotations:
D:3 Grinder


Innate Abilities, Weirdness & Mutations

You have a pair of horns on your head.
You reflexively headbutt those who attack you in melee.


Message History

A goblin comes into view. It is wielding a +0 club.
Found a broken altar of Ashenzari.
The jackal barks!
The goblin shouts!
The kobold hits you but does no damage.
An adder comes into view.
The goblin moves out of view.
You closely miss the kobold.
The adder hisses angrily.
The kobold hits you but does no damage.
You slash the kobold!
You kill the kobold!
Trog accepts your kill.
Grinder comes into view.
She is carrying a wand of quicksilver (4).
The jackal barely misses you. The jackal closely misses you.
You furiously retaliate!
You headbutt the jackal.
A worm comes into view.
You closely miss the jackal. You headbutt the jackal.
You kill the jackal!
Trog accepts your kill.
You barely miss the jackal. The jackal closely misses you.
You hit the jackal.
The jackal is severely wounded.
You barely miss the jackal. The jackal barely misses you.
You furiously retaliate!
You headbutt the jackal!
You kill the jackal!
Trog accepts your kill. The jackal barely misses you.
Grinder zaps a wand.
The bolt of dispelling energy hits the jackal!
The jackal dies!
The bolt of dispelling energy misses you.
An endoplasm comes into view.
You barely miss the goblin. The goblin hits you with a +0 club.
Grinder zaps a wand.
The bolt of dispelling energy hits you!
You are too injured to fight recklessly!
The goblin attacks as you move away! The goblin hits you with a +0 club.
The adder attacks as you move away! The adder bites you.
You are poisoned.
The adder poisons you!
You feel sick. The goblin hits you with a +0 club.
You feel sick.
Grinder zaps a wand.
The bolt of dispelling energy hits you!
You die...

.......# #.# #......
.......# #.# #....# _
.......# #.#####....# .#
.......# #.##.......# ..#
.......####.##.##....#..##
###...###.......$.......#
#....##.#.#...#....#..
#....##.#.#..##S...#...
#..........<..@g†)......
#.##.##...#..##....#..##
###.#...#......##..J....#
........#......##5!.....#
###.#..........##.......#
###.#..##...............#
<##......................
.....................#..#
..###...###


You could see Grinder, an adder, an endoplasm and a goblin.

Vanquished Creatures
  Jessica (D:2)
  A gnoll (D:1)
  3 adders
  5 ball pythons
  6 endoplasms
  2 giant cockroaches (D:1)
  4 goblins
  8 hobgoblins
  4 jackals
  2 quokkas (D:1)
  6 bats
  2 frilled lizards
  6 kobolds
  3 rats
53 creatures vanquished.

Vanquished Creatures (others)
  A jackal (D:3)
1 creature vanquished.

Grand Total: 54 creatures vanquished

Notes
Turn   | Place    | Note
-------+----------+-------------------------------------------
     0 | D:1      | Wiggles the Minotaur Berserker began the quest for the Orb.
     0 | D:1      | Reached XP level 1. HP: 19/19 MP: 0/0
   166 | D:1      | Reached XP level 2. HP: 24/27 MP: 1/1
   175 | D:1      | Reached skill level 4 in Axes
   473 | D:1      | Reached XP level 3. HP: 27/33 MP: 2/2
   518 | D:1      | Reached ** piety under Trog
   882 | D:2      | Noticed Jessica
   896 | D:2      | Killed Jessica
   897 | D:2      | Reached skill level 5 in Axes
   897 | D:2      | Reached XP level 4. HP: 38/40 MP: 3/3
  1502 | D:3      | Found a faded altar of an unknown god.
  1813 | D:3      | Found a broken altar of Ashenzari.
  1815 | D:3      | Noticed Grinder
  1821 | D:3      | Killed from afar by Grinder

Illustrated notes

Levels and vault maps discovered:
D:1:      dpeg_arrival_solitude, layout_basic, nicolae_grassy_gnolls
D:2:      layout_loops_ring, uniq_jessica
D:3:      layout_basic, cheibrodos_ashenzari_chains, makhleb_altar_promises_db,
          chequers_ecumenical_altar_island, corexii_item_surrounded_by_moat,
          uniq_grinder

Skill      XL: |  1  2  3 |
---------------+----------+-----
Axes           | 4 5 |  5.4
Fighting       | 4 |  4.4
Armour         | 3 |  3.3
Dodging        | |  2.7
Stealth        | |  0.1

Action                     |  1- 3 |  4- 6 || total
---------------------------+-------+-------++-------
  Melee: Hand axe          |    71 |    35 ||   106
         Headbutt          |     9 |     4 ||    13
         Punch             |       |     1 ||     1
 Invoke: Berserk           |     1 |       ||     1
 Armour: Ring mail         |    41 |    10 ||    51
  Dodge: Dodged            |    54 |    26 ||    80
